[Event "Late-Titled-Tuesday-Blitz-April-02-2024"]
[Site "Chess.com"]
[Date "2024.04.02"]
[Round "8"]
[White "dropstoneDP"]
[Black "Polish_fighter3000"]
[Result "1/2-1/2"]
[WhiteElo "2995"]
[BlackElo "3155"]
[TimeControl "180+1"]
[EndTime "15:27:16 PDT"]
[Termination "Game drawn - insufficient material"]

1. e4 c5 2. Nf3 d6 3. d4 cxd4 4.
Nxd4 Nf6 5. Nc3 a6 6. Bg5 e6 7.
f4 Qb6 8. Qd2 Qxb2 9. Rb1 Qa3 10. f5 Be7 11. fxe6 Bxe6 12. Nxe6 fxe6 13. Bc4 Nbd7 14.
Bxe6 Nc5 15. Bf5 g6 16. Bh3 Nfxe4 17. Nxe4 Nxe4 18. Qd4 Qc3+ 19. Qxc3 Nxc3 20. Bxe7 Kxe7 21. Rxb7+ Kf6 22. Kd2 Ne4+ 23. Kc1 h5 24. Re1 Nc5 25. Rb6 Rhd8 26. Rd1 Ke7 27. Re1+ Kf6 28. Rd1 Ke7 29. g3 a5 30. Bg2 Ra6 31. Rxa6 Nxa6 32. Be4 Kf6 33. Rf1+ Kg7 34. Bd5 Rd7 35. Kd2 Nc5 36.
Kc3 Re7 37. Rf2 Nd7 38. Kd4 Nf6 39. c4 Re1 40. Bf3 g5 41. Be2 a4 42. Bd3 g4 43.
Rf5 Rh1 44. Rg5+ Kf7 45. Bg6+ Ke7 46. Bxh5 Rxh2 47. Rg7+ Kd8 48. Bxg4 Rxa2 49. Bf5 a3 50. Ra7 Rf2 51. g4 a2 52. Kc3 Rg2 53. Kb3 Nxg4 54. Bxg4 Rxg4 55. Rxa2 Kc7 56. Rd2 Kc6 57. Kc3 Rg5 58.
Kb4 d5 59. Rxd5 Rxd5 60. cxd5+ Kxd5 1/2-1/2

[Event "Late-Titled-Tuesday-Blitz-April-02-2024"]
[Site "Chess.com"]
[Date "2024.04.02"]
[Round "8"]
[White "KaydenTroffChess"]
[Black "sergiochess83"]
[Result "1/2-1/2"]
[WhiteElo "2861"]
[BlackElo "2965"]
[TimeControl "180+1"]
[EndTime "15:27:21 PDT"]
[Termination "Game drawn - insufficient material"]

1. d4 d5 2. Nf3 Nf6 3. Bf4 c5 4. e3 Nc6 5. Nc3 Nh5 6. Bg5 h6 7.
Bh4 g5 8. Bg3 Nxg3 9. hxg3 Bg7 10. dxc5 Qa5 11. Be2 e6 12. Kf1 Qxc5 13. Nb5 O-O 14.
c3 Bd7 15. Qd3 Rfd8 16. Rd1 a6 17. Nbd4 Rac8 18. Nb3 Qe7 19. Kg1 Be8 20. Nh2 Ne5 21. Qd2 Nc4 22. Qc1 f5 23. Nd4 b5 24. Nhf3 Nd6 25.
Qb1 Ne4 26. Nd2 Bg6 27. Nxe4 dxe4 28. Kh2 e5 29. Nb3 g4 30. Rxd8+ Rxd8 31. Rd1 h5 32.
Rxd8+ Qxd8 33. Qd1 Qxd1 34. Bxd1 Bf7 35. Nc5 a5 36. b3 Bf8 37. Nb7 a4 38. bxa4 bxa4 39.
Bxa4 Bxa2 40. Bd7 f4 41. Bc6 fxe3 42. fxe3 Bh6 43. Bxe4 Bxe3 44. Bg6 Bf7 45. Bxf7+ Kxf7 46. Nd6+ Ke6 47. Ne4 Kd5 48. Nf6+ Kc4 49. Nxh5 Kxc3 50.
Nf6 Kd4 51. Nxg4 Bg5 52. Kg1 e4 53. Kf1 Kd3 54. Nf2+ Ke3 55. Ke1 Bd8 56. Nd1+ Kd3 57. Nf2+ Ke3 58. Kf1 Bc7 59. g4 Kf4 60. Ke2 Bb6 61.
g5 Bxf2 62. Kxf2 Kxg5 63. Ke3 Kg4 64. g3 Kxg3 65. Kxe4 1/2-1/2

[Event "Late-Titled-Tuesday-Blitz-April-02-2024"]
[Site "Chess.com"]
[Date "2024.04.02"]
[Round "8"]
[White "Aygehovit1992"]
[Black "RebelJohnny"]
[Result "1/2-1/2"]
[WhiteElo "2864"]
[BlackElo "2630"]
[TimeControl "180+1"]
[EndTime "15:27:21 PDT"]
[Termination "Game drawn - insufficient material"]

1. e4 d6 2. d4 Nf6 3. Nc3 c6 4. f4 g6 5. Nf3 Bg7 6. e5 Nd5 7. Nxd5 cxd5 8. c3 Bg4 9. h3 Bxf3 10. Qxf3 e6 11. g4 Nc6 12. Be3 h5 13. O-O-O Qa5 14. Kb1 hxg4 15. hxg4 O-O-O 16. exd6 Rxh1 17. Qxh1 Rh8 18. Qf3 Qd8 19. f5 gxf5 20. gxf5 Qxd6 21. Be2 a6 22.
Rg1 Bh6 23. Rh1 Bg7 24. Rxh8+ Bxh8 25. Qh5 Qf8 26. Bg4 Kb8 27. a3 e5 28. Bh6 Bg7 29.
Bc1 exd4 30. cxd4 Bxd4 31. Bf3 f6 32. Bxd5 Qc5 33. Qf7 Be5 34. Be4 Qd4 35. Qg8+ Ka7 36. Qd5 Qxd5 37. Bxd5 Nd4 38. Be4 Kb6 39. Be3 Kc7 40.
b4 b5 41. Kc1 Nc6 42. Kc2 Nd4+ 43. Kd3 Nc6 44. Bc5 a5 45. Bf8 axb4 46. axb4 Bd6 47.
Bg7 Be5 48. Bxc6 Kxc6 49. Ke4 Bc3 50. Bh8 Kd6 51. Bg7 Ke7 52. Kd5 Bxb4 53. Kc6 Bd2 54.
Bxf6+ Kxf6 55. Kxb5 Kxf5 1/2-1/2

[Event "Late-Titled-Tuesday-Blitz-April-02-2024"]
[Site "Chess.com"]
[Date "2024.04.02"]
[Round "8"]
[White "PotapovaM"]
[Black "DreamsAreFake"]
[Result "0-1"]
[WhiteElo "2542"]
[BlackElo "2740"]
[TimeControl "180+1"]
[EndTime "15:27:26 PDT"]
[Termination "DreamsAreFake won on time"]

1. d4 Nf6 2. c4 b6 3. Nc3 Bb7 4. Qc2 d5 5. cxd5 Nxd5 6. Nf3 e6 7. e4 Nxc3 8. bxc3 Be7 9. Bd3 O-O 10. O-O Nd7 11.
Rd1 c5 12. Qe2 Qc7 13. Bb2 Rfd8 14. Rac1 Nf8 15. e5 Ng6 16. Qe3 Rac8 17. h4 Bxf3 18. Qxf3 Nxh4 19. Qg4 Ng6 20. Re1 cxd4 21. Ba6 d3 22.
Rcd1 d2 23. Re3 Nxe5 24. Qh5 Nc4 25. Rh3 h6 26. Ba1 Bg5 27. Rf3 Ne5 28. Rg3 Bf4 29. Rh3 Rb8 30. c4 Ng6 31. Rf3 Be5 32. Bxe5 Qxe5 33.
Qxe5 Nxe5 34. Re3 Ng4 35. Re2 Rd6 36. Rexd2 Rxd2 37. Rxd2 Nf6 38. f3 Kf8 39. Kf2 Ke7 40. Rc2 Nd7 41. Bb5 Nc5 42. Bc6 Rd8 43. Ke3 Rd1 44. g4 f5 45. gxf5 exf5 46. Kf4 Kf6 47. Re2 g5+ 48. Kg3 h5 49. Re8 h4+ 50. Kf2 Rd2+ 51. Ke3 Rxa2 52. Rf8+ Ke7 53. Rxf5 h3 54. Rxg5 h2 55. Rh5 a5 56. f4 a4 57. f5 a3 58. Rh6 Rb2 59. f6+ Kf7 60. Bd5+ Ne6 61. Bf3 Nf8 62. Bh5+ Ke6 63. f7+ Ke7 64. Bf3 a2 65. Be2 a1=Q 0-1

[Event "Late-Titled-Tuesday-Blitz-April-02-2024"]
[Site "Chess.com"]
[Date "2024.04.02"]
[Round "8"]
[White "tgpgoat"]
[Black "chess_sharparchitect"]
[Result "1-0"]
[WhiteElo "2437"]
[BlackElo "2290"]
[TimeControl "180+1"]
[EndTime "15:27:27 PDT"]
[Termination "tgpgoat won on time"]

1. Nf3 d5 2. b3 c5 3. Bb2 Nc6 4. e3 e6 5. Bb5 Bd7 6. O-O Nf6 7. Bxc6 Bxc6 8. Ne5 Rc8 9. c4 d4 10. Nxc6 Rxc6 11. Na3 e5 12. exd4 exd4 13. Re1+ Be7 14.
b4 b6 15. Qa4 Qd7 16. Rxe7+ Kxe7 17. Re1+ Kf8 18. bxc5 bxc5 19. Nb5 a6 20. Nxd4 cxd4 21. Bxd4 h5 22. h3 Rh6 23. Bc5+ Rxc5 24. Qb4 Qd6 25.
d4 Rc6 26. c5 Qc7 27. Qd2 Nd5 28. Qg5 Rce6 29. Rb1 Nf4 30. d5 Ne2+ 31. Kf1 Re5 32. d6 Rxd6 33. cxd6 Qxd6 34. Qh4 Nd4 35. Rd1 Rd5 36.
Re1 Ne6 37. Qa4 Rd2 38. Kg1 Qd4 39. Qxd4 Rxd4 40. Re5 g6 41. Ra5 Rd6 42. g3 Ke7 43.
Kg2 Kf6 44. f4 Rb6 45. Kf3 Nd4+ 46. Ke4 Nc6 47. Rc5 Nb4 48. a3 Na2 49. Rc2 Rb3 50. Rxa2 Rxg3 51. a4 Rxh3 52. Rb2 Rc3 53. Rb6+ Kg7 54.
Rxa6 h4 55. Rd6 Ra3 56. Rd1 Rxa4+ 57. Kf3 Ra3+ 58. Kg4 h3 59. Rh1 1-0

[Event "Late-Titled-Tuesday-Blitz-April-02-2024"]
[Site "Chess.com"]
[Date "2024.04.02"]
[Round "8"]
[White "Caracal3000"]
[Black "Kirill_Klukin"]
[Result "1/2-1/2"]
[WhiteElo "2552"]
[BlackElo "2779"]
[TimeControl "180+1"]
[EndTime "15:27:30 PDT"]
[Termination "Game drawn by repetition"]

1. e4 c5 2. Nf3 Nc6 3. Nc3 g6 4.
d4 cxd4 5. Nxd4 Bg7 6. Be3 Nf6 7. Bc4 O-O 8. Bb3 Re8 9. O-O d6 10. h3 Na5 11. f4 b6 12. Nd5 Bb7 13. Nxf6+ exf6 14.
Nb5 Nxb3 15. axb3 Rxe4 16. Nxd6 Rxe3 17. Nxb7 Qc7 18. Nd6 Re6 19. Nc4 b5 20. Na3 f5 21.
c3 b4 22. cxb4 Bxb2 23. Ra2 Bxa3 24. Rxa3 Qb6+ 25. Kh1 Qxb4 26. Ra4 Qc3 27. Qd5 Qc6 28. Qxc6 Rxc6 29. Rfa1 a6 30. b4 Rb6 31. Kh2 Kg7 32. g3 h5 33. h4 Rd8 34. Rxa6 Rd2+ 35. Kh3 Rxb4 36. R6a2 Rd3 37. Ra3 Rdd4 38. R1a2 Rbc4 39.
Ra1 Rc2 40. R1a2 Rc1 41. Ra1 Rc6 42. R1a2 Rcd6 43. Ra1 Re6 44. R1a2 Rde4 45. Ra1 Re2 46. R1a2 Re1 47. Ra1 R1e4 48. R1a2 Re8 49. Ra1 R4e6 50. R1a2 Kf6 51. Ra6 Rxa6 52. Rxa6+ Re6 53. Ra2 Rd6 54. Ra1 Ke6 55. Re1+ Kd7 56. Kg2 Rd2+ 57. Kf3 Rd3+ 58. Kf2 Kd6 59. Re8 Ra3 60. Re1 Kd5 61. Re5+ Kd4 62. Re7 Ra2+ 63. Kf3 Ra3+ 64. Kf2 Ra2+ 65. Kf3 Ra3+ 66. Kf2 1/2-1/2

[Event "Late-Titled-Tuesday-Blitz-April-02-2024"]
[Site "Chess.com"]
[Date "2024.04.02"]
[Round "8"]
[White "ahkashefi2800"]
[Black "Mops_2004"]
[Result "1-0"]
[WhiteElo "2627"]
[BlackElo "2794"]
[TimeControl "180+1"]
[EndTime "15:27:32 PDT"]
[Termination "ahkashefi2800 won on time"]

1. Nf3 g6 2. g3 Bg7 3. d4 d6 4. Bg2 Nf6 5. O-O O-O 6. b3 e5 7. dxe5 dxe5 8. Ba3 Qxd1 9. Rxd1 Re8 10. Bb2 e4 11.
Nd4 a6 12. c4 Ng4 13. Nc3 e3 14. f4 Nf2 15. Nd5 Nxd1 16. Rxd1 Ra7 17. Nxc7 Rd8 18.
Nd5 Nc6 19. Nxc6 bxc6 20. Ne7+ Kf8 21. Rxd8+ Kxe7 22. Rxc8 Bxb2 23. Bxc6 a5 24. Kg2 Bd4 25. Kf3 f5 26. Re8+ Kf6 27. Bd5 Kg7 28. h3 h5 29.
g4 hxg4+ 30. hxg4 fxg4+ 31. Kxg4 Rc7 32. Re6 Kh7 33. Be4 a4 34. Rxg6 Kh8 35. Rd6 Bc5 36.
Rd5 axb3 37. axb3 Kg7 38. Rh5 Rc8 39. Bf5 Rb8 40. Bc2 Bd4 41. Rh7+ Kf6 42. Rh6+ Kg7 43. Rg6+ Kf7 44. f5 Ra8 45. Kf4 Ra2 46. Bd3 Ra1 47.
Ke4 Bc5 48. Rc6 Ba7 49. c5 Ke7 50. f6+ Kd7 51. Bb5 Kd8 52. f7 Rf1 53. Bc4 Kd7 54. Rd6+ Ke7 55. b4 Bb8 56. Rd4 Rf5 57. Kxe3 Kf8 58. Re4 Be5 59. Kd3 Kg7 60. e3 1-0

[Event "Late-Titled-Tuesday-Blitz-April-02-2024"]
[Site "Chess.com"]
[Date "2024.04.02"]
[Round "8"]
[White "flawian2008"]
[Black "ArtemDyachuk"]
[Result "1-0"]
[WhiteElo "2566"]
[BlackElo "2776"]
[TimeControl "180+1"]
[EndTime "15:27:32 PDT"]
[Termination "flawian2008 won by resignation"]

1. e4 e5 2. Nf3 Nc6 3. Bb5 a6 4. Ba4 Nf6 5. d4 exd4 6. O-O Be7 7. Re1 O-O 8. e5 Nd5 9. c3 Nb6 10. Bc2 d5 11. cxd4 Re8 12. a3 Bg4 13. Qd3 g6 14. Nbd2 Bf8 15. Qe3 Nc8 16. h3 Bd7 17.
Nf1 N8e7 18. Ng3 Qc8 19. Qf4 Nd8 20. Bd2 Ne6 21. Qh4 Bg7 22. Bh6 Bh8 23. Rac1 Qd8 24. Ng5 Nc6 25. Ne2 f5 26. Bb3 Ne7 27. Nxe6 Bxe6 28. Nf4 Nc6 29. Bg5 Qd7 30. Red1 Rac8 31. Rc5 Bg7 32. Nxe6 Rxe6 33. Rxd5 Qe8 34. Rc5 Kh8 35.
Bxe6 Qxe6 36. d5 Qxe5 37. Qc4 Nd4 38. Be3 Nb5 39. a4 Nd6 40. Rxc7 Re8 41. Qc3 Ne4 42. Qxe5 Bxe5 43. Rxb7 Nd6 44. Rd7 Kg8 45. Bd4 Nc4 46. Bxe5 Nxe5 47. Ra7 f4 48. d6 f3 49. d7 Rd8 50.
Rc7 Kf7 51. Rc8 Rxd7 52. Rxd7+ Nxd7 53. Rc7 Ke6 54. Rc6+ Kf5 55. Rxa6 Ne5 56. Ra5 fxg2 57.
Rxe5+ Kxe5 58. a5 Kd6 59. b4 Kc7 60. Kxg2 Kb7 61. Kg3 Ka6 62. Kg4 Kb5 63. Kg5 Kxb4 64. a6 Ka5 65. a7 1-0

[Event "Late-Titled-Tuesday-Blitz-April-02-2024"]
[Site "Chess.com"]
[Date "2024.04.02"]
[Round "8"]
[White "GlavkonVVS"]
[Black "ChessSwole"]
[Result "0-1"]
[WhiteElo "2612"]
[BlackElo "2707"]
[TimeControl "180+1"]
[EndTime "15:27:32 PDT"]
[Termination "ChessSwole won on time"]

1. c4 e5 2. Nc3 Nf6 3. g3 Bb4 4. Bg2 O-O 5. Nf3 Re8 6. O-O e4 7. Nd4 Nc6 8. Nc2 Bxc3 9. bxc3 d5 10. cxd5 Qxd5 11. d3 Qh5 12. Rb1 b6 13. Ne3 Bh3 14.
Qa4 Ne5 15. d4 Neg4 16. Nxg4 Nxg4 17. f3 exf3 18. exf3 Re2 19. Rb2 Rxg2+ 20. Rxg2 Bxg2 21. fxg4 Qd5 22. Re1 Rf8 23. c4 Qb7 24. d5 Bf3 25.
Qd7 b5 26. Ba3 b4 27. Bc1 h5 28. gxh5 Qb6+ 29. Be3 Qf6 30. h6 Qb2 31. Bf2 gxh6 32.
Qe7 Qg7 33. Qe3 Bg4 34. Qf4 a5 35. Bd4 Qg6 36. Qe5 Kh7 37. Rf1 Bh3 38. Re1 Qg5 39.
Qxg5 hxg5 40. Re7 Rc8 41. Rxf7+ Kg6 42. Rg7+ Kf5 43. Be3 g4 44. Kf2 Ke4 45. Rf7 Kd3 46. Rf4 a4 47. c5 b3 48. axb3 axb3 49. Rd4+ Kc3 50. Rd1 Rf8+ 51. Ke2 Bg2 52. Rc1+ Kb2 53. d6 Bf3+ 54. Kd3 cxd6 55. cxd6 Rd8 56. Bf4 Rxd6+ 57. Bxd6 Kxc1 58. Be5 b2 59. Bxb2+ Kxb2 60. Ke3 Bg2 0-1

[Event "Late-Titled-Tuesday-Blitz-April-02-2024"]
[Site "Chess.com"]
[Date "2024.04.02"]
[Round "8"]
[White "Meri-Arabidze"]
[Black "AmanteDeMoi"]
[Result "1/2-1/2"]
[WhiteElo "2698"]
[BlackElo "2612"]
[TimeControl "180+1"]
[EndTime "15:27:32 PDT"]
[Termination "Game drawn - insufficient material"]

1. d4 g6 2. c4 Bg7 3. g3 d6 4.
Bg2 e5 5. dxe5 dxe5 6. Qxd8+ Kxd8 7. Nc3 f6 8. Be3 c6 9. O-O-O+ Nd7 10. Nf3 Bh6 11.
Bxh6 Nxh6 12. Nd2 Ke7 13. Nde4 Nf7 14. g4 Nf8 15. h3 Be6 16. Nc5 Rb8 17. b3 Nd7 18.
Nxe6 Kxe6 19. Rd2 Rbd8 20. Rhd1 Nc5 21. b4 Rxd2 22. Rxd2 Nd7 23. c5 a5 24. a3 axb4 25. axb4 Ra8 26. Kb2 Rd8 27. e3 f5 28. Bf1 Ke7 29.
gxf5 gxf5 30. Bc4 Nb6 31. Rxd8 Nxc4+ 32. Kb3 Nxd8 33. Kxc4 Kf6 34. f4 exf4 35. exf4 Ne6 36. Ne2 Kg6 37. b5 Kf6 38. bxc6 bxc6 39. Nd4 Nxf4 40. Nxc6 Nxh3 41. Nd4 Nf4 42. c6 Ke5 43. c7 Nd5 44. c8=N f4 45. Nf3+ Ke4 46. Ng5+ Ke3 47. Kxd5 h6 48. Nh3 f3 49. Nd6 f2 50.
Nxf2 Kxf2 51. Nf5 h5 52. Ke5 Kf3 53. Kf6 Kg4 54. Kg6 Kf4 55. Kxh5 1/2-1/2

[Event "Late-Titled-Tuesday-Blitz-April-02-2024"]
[Site "Chess.com"]
[Date "2024.04.02"]
[Round "8"]
[White "miraitrunks"]
[Black "Resignify"]
[Result "0-1"]
[WhiteElo "2170"]
[BlackElo "2237"]
[TimeControl "180+1"]
[EndTime "15:27:32 PDT"]
[Termination "Resignify won by resignation"]

1. e4 d6 2. d4 Nf6 3. Nc3 g6 4. g3 Bg7 5. Bg2 O-O 6. Nge2 Nc6 7.
h3 e5 8. Be3 Re8 9. O-O a6 10. a4 Bd7 11. g4 Rb8 12. dxe5 dxe5 13. Qd2 Qe7 14. Rad1 Rbd8 15. Nd5 Nxd5 16. exd5 Nb8 17. d6 cxd6 18. Qxd6 Qxd6 19. Rxd6 Bxa4 20. Rxd8 Rxd8 21. Bxb7 Bc6 22. Bxc6 Nxc6 23. Nc3 Nd4 24. Ra1 Nxc2 25. Rxa6 Nxe3 26. fxe3 e4 27. Nxe4 Bxb2 28. Kg2 Kg7 29. Kf3 Be5 30. Ra7 h6 31. Nc5 Re8 32. Nd7 Bf6 33. e4 Bh4 34. e5 Re7 35. Ke4 Bg5 36. Kd5 Bh4 37. Kd6 Bg5 38. Ra8 Re6+ 39.
Kd5 Re7 40. Nc5 Bf4 41. Nd3 Bg5 42. Nc5 Bf4 43. Nd3 Bg5 44. Ra6 Rd7+ 45. Ke4 Re7 46.
Nc5 Bh4 47. Kd5 Bg3 48. e6 fxe6+ 49. Nxe6+ Kf7 50. Nd8+ Kg7 51. Ne6+ Kf7 52. Nd8+ Kg7 53. Nc6 Rd7+ 54. Ke6 Rd6+ 55. Ke7 Rf6 56. Kd7 Rf7+ 57. Ke6 Rf6+ 58. Kd5 Rd6+ 59. Kc5 Rf6 60. Ra7+ Kg8 61. Ra3 Bd6+ 62. Kd5 Bxa3 63. Ke5 Rxc6 0-1

[Event "Late-Titled-Tuesday-Blitz-April-02-2024"]
[Site "Chess.com"]
[Date "2024.04.02"]
[Round "8"]
[White "WindWhistler11"]
[Black "yaguigor"]
[Result "1-0"]
[WhiteElo "2468"]
[BlackElo "2603"]
[TimeControl "180+1"]
[EndTime "15:27:33 PDT"]
[Termination "WindWhistler11 won on time"]

1. Nf3 d5 2. g3 Bg4 3. Bg2 Nd7 4. d3 c6 5. O-O e5 6. Nbd2 Ngf6 7. h3 Bh5 8. e4 dxe4 9. dxe4 Be7 10. Qe1 O-O 11.
a3 Re8 12. b3 Qc7 13. Bb2 Bf8 14. Nc4 a5 15. Bc3 b5 16. Bxa5 Qa7 17. Ncxe5 Qxa5 18. Qxa5 Rxa5 19. Nxc6 Ra6 20. Ncd4 Rxa3 21. Rxa3 Bxa3 22. Nxb5 Bc5 23. Nfd4 Nxe4 24. Re1 Nd6 25. Rxe8+ Nxe8 26. Bc6 Nef6 27. f4 Bd1 28. Kg2 Nb8 29. Bb7 Kf8 30.
c3 g6 31. b4 Bb6 32. c4 Bxd4 33. Nxd4 Ke7 34. c5 Ba4 35. Kf2 Kd7 36. b5 h5 37. Ke3 Ke7 38. Kd3 Bd1 39. b6 Nfd7 40. Kc4 h4 41. gxh4 Ba4 42. Kb4 Bd1 43. Kb5 Nf6 44. c6 Nxc6 45. Bxc6 Nd7 46. Bd5 Nb8 47. Nc6+ Nxc6 48. Bxc6 Kd6 49. Be4 Be2+ 50. Ka5 f5 51.
Bg2 Bd3 52. Kb4 Be2 53. b7 Kc7 54.
Kc5 Bd1 55. Kd4 1-0

[Event "Late-Titled-Tuesday-Blitz-April-02-2024"]
[Site "Chess.com"]
[Date "2024.04.02"]
[Round "8"]
[White "Slovineanu"]
[Black "javierfreilemartin"]
[Result "1-0"]
[WhiteElo "2470"]
[BlackElo "2305"]
[TimeControl "180+1"]
[EndTime "15:27:33 PDT"]
[Termination "Slovineanu won by resignation"]

1. d4 Nf6 2. Nf3 g6 3. Nbd2 d5 4. e3 Bg7 5. b4 O-O 6. c4 a5 7. b5 c6 8. a4 dxc4 9. Nxc4 Ne4 10. Bb2 Nd6 11. Nxd6 exd6 12. Be2 c5 13. O-O b6 14. Ra2 Nd7 15. dxc5 dxc5 16. Bxg7 Kxg7 17. Rd2 Qe7 18. Qa1+ Qf6 19. Qxf6+ Kxf6 20. Rfd1 Ra7 21. h4 h6 22. g4 Re8 23. g5+ hxg5 24. Nxg5 Re5 25. Rd6+ Ke7 26. Bc4 f6 27. Nf3 Re4 28. Be2 Rb7 29. Ne1 Rxh4 30. Bf3 Ra7 31. Ng2 Rxa4 32. Nf4 Ne5 33. Bg2 Nc4 34. Rc6 Bg4 35. Rc1 g5 36. Nd3 Be2 37. Bf1 Bxd3 38. Bxd3 Ne5 39.
Be4 Nxc6 40. Bxc6 Rb4 41. Kg2 a4 42. Rh1 a3 43. Rh7+ Kd6 44. Rxa7 Rb3 45. Ra6 c4 46. Kf3 Kc5 47. Ke2 c3 48. Kd3 Rb2 49. Kxc3 Rxf2 50.
Kb3 Re2 51. Rxa3 Rxe3+ 52. Ka4 Rxa3+ 53. Kxa3 f5 54. Kb3 Kd4 55. Kc2 Ke3 56. Kd1 Kf2 57.
Kd2 g4 58. Kd3 f4 59. Ke4 f3 60. Kf4 g3 61. Bxf3 g2 62. Bxg2 Kxg2 63. Ke5 Kf3 64.
Kd6 Ke4 65. Kc6 Ke5 66. Kxb6 Ke6 67. Kc7 1-0

[Event "Late-Titled-Tuesday-Blitz-April-02-2024"]
[Site "Chess.com"]
[Date "2024.04.02"]
[Round "8"]
[White "campochess"]
[Black "Felix-Rose"]
[Result "1-0"]
[WhiteElo "2191"]
[BlackElo "2306"]
[TimeControl "180+1"]
[EndTime "15:27:34 PDT"]
[Termination "campochess won by checkmate"]

1. d4 Nf6 2. Bg5 d5 3. Nd2 e6 4. e3 Be7 5. Bd3 Nbd7 6. Ngf3 h6 7. Bh4 c5 8. c3 b6 9. O-O Bb7 10. Bg3 Ne4 11. Ne5 Nxg3 12. fxg3 Nxe5 13. dxe5 Bg5 14.
Bb5+ Ke7 15. Qe2 Qc7 16. Nf3 Kd8 17. b4 a6 18. Bd3 c4 19. Bc2 Be7 20. Nd4 Qxe5 21. Rxf7 Rb8 22. Raf1 Ba8 23. Kh1 Bf6 24. Qg4 Re8 25. R1xf6 gxf6 26. Qg7 Kc8 27. h3 Rb7 28. Qxf6 Qxf6 29. Rxf6 Rbe7 30. Rxh6 Bb7 31. a4 Kc7 32.
g4 e5 33. Nf5 Re6 34. Rh7+ Kb8 35. Kh2 Rd8 36. g5 Ree8 37. g6 Rg8 38. Nh6 Rh8 39.
Nf7 Rxh7 40. gxh7 Rf8 41. h8=Q Rxh8 42. Nxh8 Kc7 43. Kg3 Kd6 44. Ng6 a5 45. Kf2 axb4 46.
cxb4 Bc8 47. h4 d4 48. exd4 exd4 49. Be4 c3 50. Ke2 Ke6 51. Kd3 Kf6 52. h5 Bf5 53. Bxf5 Kxf5 54. Ne7+ Ke6 55. Nc6 b5 56. a5 Kd5 57.
Nxd4 c2 58. Nxc2 Ke5 59. a6 Kd6 60. h6 Kc7 61. h7 Kb6 62. h8=Q Ka7 63. Qd4+ Kxa6 64.
Na3 Kb7 65. Qc5 Ka8 66. Nxb5 Kb7 67. Nd6+ Ka6 68. Qa5# 1-0

[Event "Late-Titled-Tuesday-Blitz-April-02-2024"]
[Site "Chess.com"]
[Date "2024.04.02"]
[Round "8"]
[White "yobdc"]
[Black "ural58"]
[Result "1-0"]
[WhiteElo "2595"]
[BlackElo "2474"]
[TimeControl "180+1"]
[EndTime "15:27:35 PDT"]
[Termination "yobdc won by resignation"]

1. e4 d5 2. exd5 Qxd5 3. Nc3 Qd6 4. d4 c6 5. Nf3 Bf5 6. Ne5 Nd7 7. Bf4 Nxe5 8.
Bxe5 Qd7 9. Bd3 Nf6 10. Bxf6 gxf6 11. Bxf5 Qxf5 12. Qe2 O-O-O 13. O-O-O Bh6+ 14. Kb1 e5 15. d5 Qd7 16. Qc4 Kb8 17. dxc6 Qxc6 18. Qxc6 bxc6 19. Rxd8+ Rxd8 20. Rd1 Rxd1+ 21. Nxd1 f5 22. c3 Kc7 23. Kc2 Kd6 24. Kd3 Bc1 25. b4 a6 26. f3 c5 27. Kc4 cxb4 28. cxb4 Ba3 29. Ne3 f4 30.
Nc2 Bb2 31. a4 f5 32. b5 axb5+ 33. Kxb5 e4 34. Kc4 Bf6 35. a5 Bd8 36. a6 Bb6 37. Nb4 e3 38. Kd3 Kc5 39. Na2 Kb5 40. Nc3+ Kxa6 41. Nd5 Kb5 42. Nxf4 Kc6 43. g3 Kd6 44. Ng2 h5 45. Nxe3 Ke6 46. Ng2 Bg1 47. h3 Bh2 48. Nf4+ Ke5 49. Nxh5 Kd5 50. g4 Ke5 51. Ke3 Bg1+ 52.
Ke2 fxg4 53. hxg4 Bb6 54. Kd3 Ba7 55. Ke2 Bg1 56. Ng3 Kf4 57. Ne4 Bd4 58. Nd2 Bc3 59.
Nb3 Bb2 60. Nc5 Bg7 61. Nd3+ Kg5 62. Kf2 Bf8 63. Kg3 Bd6+ 64. f4+ Kg6 65. Kf3 Bc5 66. Nxc5 1-0

[Event "Late-Titled-Tuesday-Blitz-April-02-2024"]
[Site "Chess.com"]
[Date "2024.04.02"]
[Round "8"]
[White "Hrant_ChessMood"]
[Black "Hamisandwich"]
[Result "1-0"]
[WhiteElo "2931"]
[BlackElo "2714"]
[TimeControl "180+1"]
[EndTime "15:27:36 PDT"]
[Termination "Hrant_ChessMood won by resignation"]

1. c4 e5 2. Nc3 Bb4 3. Nd5 Be7 4. d4 c6 5. Nxe7 Qxe7 6. dxe5 Qxe5 7. Nf3 Qe7 8. e3 Nf6 9. Be2 O-O 10. O-O Na6 11. b3 Nc5 12. Ba3 d6 13. Qd4 Bf5 14. Rfd1 Rfd8 15.
Bb2 Bc2 16. Rd2 Bg6 17. Nh4 a5 18. Nxg6 hxg6 19. Rad1 a4 20. b4 Ne6 21. Qd3 d5 22.
a3 dxc4 23. Qxc4 Rxd2 24. Rxd2 Rd8 25. Rxd8+ Qxd8 26. Qc2 Nd5 27. g3 Nb6 28. Qc3 Qd5 29. h4 Qb3 30. Kg2 Qd5+ 31. Bf3 Qb3 32. Be2 Qd5+ 33.
Kg1 f6 34. Qc2 Kf7 35. Bd3 g5 36. h5 Qb3 37. Bg6+ Ke7 38. Kg2 Qxc2 39. Bxc2 Nc4 40.
Bc1 Nc7 41. Bxa4 Nb5 42. Bxb5 cxb5 43. g4 Ke6 44. f3 Kd5 45. Kf2 Nd6 46. Bb2 Nf7 47. f4 Kc4 48. Kf3 Kb3 49. Bd4 Kxa3 50. Ke4 gxf4 51. exf4 Kxb4 52. Kf5 Kc4 53. Ba1 b4 54. Kg6 Nd6 55. Kxg7 Kb3 56. h6 Ka2 57. h7 Kxa1 58. h8=Q b3 59. Qh1+ Ka2 60. Qd5 Nc8 61. Qxb7 b2 62. Qxc8 b1=Q 63. Qa8+ Kb2 64. Qb8+ Kc2 65.
Qxb1+ Kxb1 1-0

[Event "Late-Titled-Tuesday-Blitz-April-02-2024"]
[Site "Chess.com"]
[Date "2024.04.02"]
[Round "8"]
[White "Bilan_Danila"]
[Black "Doublekk14"]
[Result "0-1"]
[WhiteElo "2544"]
[BlackElo "2367"]
[TimeControl "180+1"]
[EndTime "15:27:44 PDT"]
[Termination "Doublekk14 won by resignation"]

1. d4 Nf6 2. Nf3 e6 3. g3 d5 4. Bg2 c5 5. O-O Nc6 6. c4 Be7 7. cxd5 exd5 8. Nc3 h6 9. b3 O-O 10. dxc5 Bxc5 11. Na4 Be7 12. Bb2 Be6 13. Rc1 Qa5 14. Nd4 Rac8 15. Nxe6 fxe6 16. Bh3 Rcd8 17. Bxe6+ Kh8 18.
e3 Ne4 19. Qg4 Bf6 20. Bxf6 Rxf6 21. Rcd1 Ne5 22. Qh3 Ng5 23. Qg2 Ngf3+ 24. Kh1 Rxe6 25. Nb2 Qc3 26. Na4 Qc6 27. Rc1 Qe8 28. Nc5 Re7 29. Rfd1 b6 30. Nd3 Nxd3 31. Rxd3 Qf7 32. e4 Ne5 33. Rxd5 Rxd5 34. exd5 Nf3 35. d6 Rd7 36. Rc8+ Kh7 37. Rc7 Rxc7 38. dxc7 Qf6 39. Qf1 Qc6 40. Qb1+ Kh8 41. Kg2 Nh4+ 42. Kh3 Nf3 43. Kg2 Ng5+ 44. Kf1 Qxc7 45. Qd3 Qf7 46. h4 Ne6 47. Qd6 Kh7 48. Kg2 Nf8 49. Qd3+ Qg6 50. Qa6 Qf7 51. Qd3+ g6 52. Qa6 Kg7 53. Qa3 Kh7 54. Qb2 Qb7+ 55. Kh2 Qf7 56. Qd2 Ne6 57. Qe2 Nd4 58. Qd2 Nf3+ 0-1

[Event "Late-Titled-Tuesday-Blitz-April-02-2024"]
[Site "Chess.com"]
[Date "2024.04.02"]
[Round "8"]
[White "Rodalquilar"]
[Black "BogdanDeac"]
[Result "0-1"]
[WhiteElo "2744"]
[BlackElo "3091"]
[TimeControl "180+1"]
[EndTime "15:27:59 PDT"]
[Termination "BogdanDeac won on time"]

1. d4 Nf6 2. Nf3 d5 3. Bf4 c5 4. e3 Nc6 5. c3 Nh5 6. Bg5 h6 7. Bh4 g5 8. Bg3 Nxg3 9. hxg3 Qb6 10. Qc2 Bg7 11. Nbd2 Bd7 12. Be2 Rc8 13. Qb3 e6 14. a4 cxd4 15. exd4 Qc7 16. Qa3 f6 17. Nf1 Bf8 18.
Qb3 Qb6 19. Qc2 Kf7 20. Ne3 Kg7 21. Bd1 Be8 22. Qd2 Bf7 23. O-O Na5 24. b4 Nc6 25.
a5 Qc7 26. Be2 h5 27. Rfb1 Qd8 28. Qa2 Ne7 29. Rc1 Ng6 30. b5 f5 31. c4 g4 32.
Nd2 h4 33. cxd5 Rxc1+ 34. Rxc1 hxg3 35. fxg3 Qg5 36. Ndf1 f4 37. dxe6 fxe3 38. Rc7 Be7 39.
exf7 Qh6 40. f8=Q+ Rxf8 41. Qe6 Rf7 42. Bc4 Rf8 43.
Rxe7+ Nxe7 44. Qxe7+ Kh8 45. Qe5+ Kh7 46. Qe4+ Kh8 47.
Qe5+ Kh7 48. Bd3+ Kg8 49. Qxe3 Rxf1+ 50. Kxf1 Qxe3 51. Bc4+ Kf8 52. b6 Ke7 53. bxa7 Qc1+ 54. Kf2 Qd2+ 55. Kg1 Qxd4+ 56. Kh2 Qxa7 57. a6 bxa6 58.
Be2 a5 59. Bxg4 a4 60. Bd1 a3 61. Bb3 Qb6 62. Ba2 Qh6+ 63. Kg1 Qe3+ 64. Kh2 Kf6 65. Kh3 Kg5 66. Kh2 Qd2 67. Kh3 Qxa2 68. g4 Qb2 69. g3 Qb3 70. Kh2 a2 71. Kh3 a1=Q 72.
Kh2 Qc2+ 0-1